 Dungeon Crawl Stone Soup version 0.23-a0-586-gacb4b3f (webtiles) character file.

24649 zishaf the Covert (level 12, -3/92 HPs)
             Began as a Vampire Assassin on Dec 19, 2018.
             Was a Follower of Uskayaw.
             Slain by a spiny frog (11 damage)
             ... on level 1 of the Lair of Beasts on Dec 20, 2018.
             The game lasted 01:07:25 (31318 turns).

zishaf the Covert (Vampire Assassin)               Turns: 31318, Time: 01:07:26

Health: -3/92      AC: 15    Str: 14    XL:     12   Next: 82%
Magic:  14/18      EV: 17    Int: 15    God:    Uskayaw [*.....]
Gold:   899        SH:  5    Dex: 15    Spells: 12/15 levels left

rFire    . . .     SeeInvis +   a - +3 dagger
rCold    + + +     Gourm    .   H - +0 buckler
rNeg     + + +     Faith    .   O - +1 ring mail {rC+}
rPois    ∞         Spirit   .   T - +2 hat
rElec    .         Reflect  .   d - +0 cloak
rCorr    .         Harm     .   o - +0 pair of gloves
MR       +....                  (no boots)
Stlth    +++++++...             (no amulet)
HPRegen  0.00/turn              M - ring of stealth
MPRegen  0.16/turn              I - +4 ring of protection

@: about to teleport, very slightly contaminated, bloodless, non-regenerating,
invisible
A: fangs 3, see invisible, unbreathing
a: Bat Form, Stomp, Renounce Religion


You were on level 1 of the Lair of Beasts.
You worshipped Uskayaw.
Uskayaw was aware of your devotion.
You were bloodless.

You visited 3 branches of the dungeon, and saw 15 of its levels.
You also visited: Ossuary and Ice Cave.

You collected 1004 gold pieces.
You spent 105 gold pieces at shops.

Inventory:

Hand Weapons
 a - a +3 dagger (weapon)
 b - a +0 blowgun
 w - a +0 hunting sling
Missiles
 e - 85 poisoned needles
 f - 2 curare-tipped needles
 m - 3 needles of sleeping
 x - 476 stones (quivered)
Armour
 c - a +1 robe of fire resistance
 d - a +0 cloak (worn)
 g - a +0 shield
 o - a +0 pair of gloves (worn)
 y - a +0 ring mail
 H - a +0 buckler (worn)
 O - a +1 ring mail of cold resistance (worn)
 T - a +2 hat (worn)
Jewellery
 j - an uncursed ring of poison resistance
 u - an uncursed ring of fire
 I - a +4 ring of protection (right hand)
 M - a ring of stealth (left hand)
Wands
 A - a wand of flame (21)
 D - a wand of enslavement (5)
 E - a wand of disintegration (5)
 N - a wand of acid (6)
 P - a wand of iceblast (16)
Scrolls
 h - 3 scrolls of magic mapping
 i - 3 scrolls of enchant armour
 k - 7 scrolls of enchant weapon
 l - 7 scrolls of amnesia
 s - 5 scrolls of remove curse
 t - a scroll of blinking
 B - 3 scrolls of teleportation
 F - a scroll of fog
 G - a scroll of fear
 J - 5 scrolls of identify
Potions
 n - 3 potions of lignification
 p - a potion of degeneration
 q - 9 potions of blood
 r - 4 potions of brilliance
 v - 3 potions of flight
 z - a potion of mutation
 C - 3 potions of curing
 L - 2 potions of berserk rage
 R - a potion of ambrosia
 S - a potion of resistance


   Skills:
 + Level 8.0 Fighting
 - Level 10.0 Short Blades
 - Level 2.0 Throwing
 + Level 4.3 Armour
 - Level 10.1 Dodging
 - Level 12.0 Stealth
 + Level 5.8 Shields
 - Level 2.0 Spellcasting
 - Level 8.3 Hexes
 + Level 8.5 Invocations


You had 12 spell levels left.
You knew the following spells:

 Your Spells              Type           Power        Failure   Level  Hunger
a - Confuse               Hex            ####....     4%          3    ###....

Your spell library contained the following spells:

 Spells                   Type           Power        Failure   Level  Hunger
 Confusing Touch          Hex            ####..       1%          1    #......
 Gell's Gravitas          Tloc           #.........   77%         3    ###....
 Metabolic Englaciation   Hex/Ice        ##........   91%         5    ######.
 Yara's Violent Unravell  Hex/Tmut       ##........   91%         5    ######.
 Petrify                  Tmut/Erth      #.......     99%         4    #####..


Dungeon Overview and Level Annotations

Branches:
Dungeon (12/15)            Temple (1/1) D:6            Lair (2/6) D:11
    Orc (0/2) D:12
  Swamp: Lair:2-4    Shoals: Lair:2-4     Snake: Lair:2-4    Spider: Lair:2-4

Altars:
Ashenzari
Cheibriados
Dithmenos
Elyvilon
Fedhas
Gozag
Hepliaklqana
Kikubaaqudgha
Makhleb
Nemelex Xobeh
Okawaru
Qazlal
Ru
Sif Muna
Trog
Uskayaw
Vehumet
Wu Jian
Xom
Yredelemnul
Zin
The Shining One

Shops:
D:5 (:((   D:6 (   D:11 *   D:12 *

Annotations:
D:5 2 transporters, DankestMemes's ghost, novice GrEE
D:11 1 runed door, exclusion: 2 downstairs, tatocazan's ghost, novice DDFi


Innate Abilities, Weirdness & Mutations

You do not heal naturally.
You are immune to poison.
You have razor-sharp teeth.
You have supernaturally acute eyesight. (SInv)
You can survive without breathing.


Message History

* * * LOW HITPOINT WARNING * * *
Your transformation has ended.
Your +3 dagger unmelds from your body.
Your +0 cloak unmelds from your body.
Your +2 hat unmelds from your body.
Your +0 pair of gloves unmelds from your body.
Your +0 buckler unmelds from your body.
Your +1 ring mail of cold resistance unmelds from your body.
Your ring of stealth unmelds from your body.
Your +4 ring of protection unmelds from your body.
You feel resistant to cold.
As you read the scroll of teleportation, it crumbles to dust.
You feel strangely unstable.
Your surroundings seem slightly different.
Remove which piece of jewellery? (? for menu, Esc to quit)
Okay, then.
As you read the scroll of teleportation, it crumbles to dust.
You feel strangely unstable.
You fade into invisibility!
The spiny frog stings you!
You die...

##......##
####...F..#.#
##.....F.#####
##........#
###........##
##........###
#.......###
#.F...###
#@F....#
#....###
###.## ###


You could see a spiny frog and a blink frog.

Vanquished Creatures
  Gastronok (Lair:2)
  Azrael (D:12)
  A hydra (D:8)
  A two-headed ogre (D:9)
  Erica (D:8)
  Urug (Lair:2)
  A skeletal warrior (D:12)
  Pikel (D:8)
  2 cyclopes (D:12)
  An ugly thing (D:11)
  A gargoyle (D:12)
  2 spiny frogs (Lair:2)
  A kobold demonologist (D:11)
  2 komodo dragons
  5 trolls
  Prince Ribbit (D:8)
  3 hornets
  2 dream sheep (D:8)
  3 blink frogs (Lair:2)
  Grinder (D:4)
  3 hippogriffs
  A shadow (D:11)
  A wyvern (D:9)
  A wolf (IceCv)
  11 yaks
  3 basilisks
  7 vampire mosquitoes
  5 fire elementals (D:12)
  3 hungry ghosts
  An acid dragon (D:11)
  4 water moccasins
  A hell hound (D:12)
  8 porcupines
  2 orc warriors
  3 black bears
  2 sky beasts
  A phantom (D:5)
  11 ice beasts
  4 ogres
  An eye of draining (D:12)
  A necrophage (D:8)
  4 centaurs
  An elf zombie (Ossuary)
  4 crocodiles
  2 big kobolds (D:8)
  11 bullfrogs
  A gnoll sergeant (D:8)
  A wyvern skeleton (D:11)
  2 scorpions (D:11)
  4 killer bees
  5 wights
  3 howler monkeys (D:12)
  4 crimson imps
  4 centaur skeletons
  2 bullfrog skeletons
  A bullfrog zombie (D:9)
  2 jellies
  3 orc priests
  3 hounds
  6 orc wizards
  2 human zombies (Ossuary)
  3 iguanas
  11 worker ants
  A hound skeleton (D:4)
  3 mummies (Ossuary)
  9 gnolls
  15 adders
  5 shadow imps
  An adder zombie (Ossuary)
  3 adder skeletons
  4 worms
  3 dart slugs
  10 leopard geckos
  39 orcs
  A ball python (D:2)
  5 giant cockroaches
  2 gnoll zombies (Ossuary)
  14 goblins
  8 hobgoblins
  14 jackals
  4 quokkas
  11 bats
  10 frilled lizards
  A goblin zombie (Ossuary)
  2 hobgoblin zombies (Ossuary)
  A jackal zombie (Ossuary)
  4 kobolds
  A quokka zombie (D:6)
  9 rats
  2 rat zombies (Ossuary)
367 creatures vanquished.

Vanquished Creatures (collateral kills)
  A wolf (IceCv)
1 creature vanquished.

Vanquished Creatures (others)
  An unseen horror (D:11)
  A polar bear (IceCv)
  2 wolves (IceCv)
  2 slaves (D:8)
  A big kobold (D:8)
  A wight (D:8)
  A centaur skeleton (D:12)
  An adder (D:8)
  A bush (D:11)
  4 fungi
  14 plants
29 creatures vanquished.

Grand Total: 397 creatures vanquished

Notes
Turn   | Place    | Note
-------+----------+-------------------------------------------
     0 | D:1      | zishaf the Vampire Assassin began the quest for the Orb.
     0 | D:1      | Reached XP level 1. HP: 16/16 MP: 1/1
    45 | D:1      | Reached skill level 6 in Stealth
    54 | D:1      | Reached XP level 2. HP: 15/22 MP: 2/2
   759 | D:2      | Reached XP level 3. HP: 27/27 MP: 3/3
  1538 | D:2      | Reached XP level 4. HP: 12/34 MP: 4/4
  2375 | D:3      | Reached XP level 5. HP: 32/39 MP: 5/5
  2433 | D:3      | Reached skill level 7 in Stealth
  2777 | D:4      | Found a sand-covered staircase.
  2782 | Ossuary  | Entered an ossuary
  3942 | Ossuary  | Reached XP level 6. HP: 11/47 MP: 6/6
  3952 | Ossuary  | HP: 2/70 [mummy (6)]
  6288 | D:3      | Reached skill level 8 in Stealth
  6789 | D:4      | Found a glowing golden altar of the Shining One.
  6878 | D:4      | Noticed Grinder
  6885 | D:4      | Killed Grinder
  6885 | D:4      | Reached XP level 7. HP: 53/53 MP: 7/7
  7366 | D:5      | Entered Level 5 of the Dungeon
  7633 | D:5      | Reached skill level 5 in Short Blades
  7648 | D:5      | Reached skill level 9 in Stealth
  7648 | D:5      | Reached skill level 1 in Shields
  8353 | D:5      | Reached skill level 5 in Dodging
  8530 | D:5      | Found Caakeikh's Weapon Emporium.
  8547 | D:5      | Found Mail's Book Shoppe.
  8576 | D:5      | Found Manaqeurgh's Antique Weapon Boutique.
  8694 | D:5      | Found Zereng's Antique Weapon Shoppe.
  8700 | D:5      | Reached XP level 8. HP: 60/60 MP: 8/8
  8732 | D:5      | Noticed DankestMemes's ghost (novice GrEE)
  8754 | D:5      | Found a transporter.
  8770 | D:5      | Found a transporter.
  8896 | D:6      | Found Bocin's Weapon Shoppe.
  9060 | D:6      | Found a staircase to the Ecumenical Temple.
  9096 | Temple   | Entered the Ecumenical Temple
  9105 | Temple   | Became a worshipper of Uskayaw the Reveler
  9143 | D:6      | Reached * piety under Uskayaw
  9153 | D:6      | Reached ** piety under Uskayaw
  9275 | D:6      | Found a sparkling altar of Nemelex Xobeh.
  9968 | D:6      | Reached *** piety under Uskayaw
 11321 | D:8      | Found a basalt altar of Yredelemnul.
 11362 | D:8      | Reached skill level 1 in Invocations
 11370 | D:8      | Learned a level 3 spell: Confuse
 11437 | D:8      | Reached skill level 1 in Hexes
 11472 | D:8      | Reached skill level 1 in Armour
 11480 | D:8      | Found an ancient bone altar of Kikubaaqudgha.
 11678 | D:8      | Reached skill level 1 in Spellcasting
 12339 | D:8      | Noticed Pikel
 12426 | D:8      | Killed Pikel
 12426 | D:8      | Reached XP level 9. HP: 37/65 MP: 10/10
 12522 | D:8      | Noticed Erica
 12795 | D:8      | Noticed Prince Ribbit
 12799 | D:8      | Killed Prince Ribbit
 14222 | D:8      | Reached skill level 5 in Hexes
 14267 | D:8      | Reached **** piety under Uskayaw
 14288 | D:8      | Reached ***** piety under Uskayaw
 14352 | D:8      | Noticed a two-headed hydra
 15152 | D:8      | HP: 3/65 [two-headed hydra (14)]
 15819 | D:9      | Reached XP level 10. HP: 71/71 MP: 13/13
 15822 | D:9      | Reached skill level 5 in Invocations
 17222 | D:9      | Noticed a two-headed ogre
 18756 | D:8      | Killed Erica
 19021 | D:8      | Killed a two-headed hydra
 19021 | D:8      | Reached skill level 10 in Short Blades
 19430 | D:9      | Killed a two-headed ogre
 19531 | D:10     | Entered Level 10 of the Dungeon
 19545 | D:10     | Reached XP level 11. HP: 78/78 MP: 7/15
 19947 | D:10     | Paralysed by a hornet for 3 turns
 20810 | D:10     | Reached skill level 10 in Stealth
 21839 | D:11     | Found a frozen archway.
 21963 | D:11     | Reached skill level 5 in Fighting
 22003 | D:11     | Reached ****** piety under Uskayaw
 22278 | IceCv    | Entered an ice cave
 23923 | D:11     | Reached skill level 11 in Stealth
 23929 | D:11     | Noticed an unseen horror
 23934 | D:11     | Killed an unseen horror
 24160 | D:11     | Found a staircase to the Lair.
 24217 | D:11     | Found a runed door.
 24217 | D:11     | Found a shimmering altar of Xom.
 24217 | D:11     | Noticed a +2 scimitar of chaos
 24217 | D:11     | Noticed tatocazan's ghost (novice DDFi)
 24226 | D:11     | Found Jeuja's Island Escapes.
 24307 | D:11     | Bought a scroll of blinking for 105 gold pieces
 24451 | D:11     | Noticed a red ugly thing
 25533 | D:11     | Killed a red ugly thing
 25760 | D:12     | Found a staircase to the Orcish Mines.
 25867 | D:12     | Noticed a skeletal warrior
 26670 | D:12     | Noticed a death knight
 27417 | D:11     | Reached skill level 12 in Stealth
 27563 | D:12     | Reached XP level 12. HP: 80/89 MP: 9/17
 27608 | D:11     | Reached skill level 10 in Dodging
 27707 | D:12     | Noticed Azrael
 27793 | D:12     | Found Xatuw's General Store.
 29408 | D:12     | Killed Azrael
 29491 | Lair:1   | Entered Level 1 of the Lair of Beasts
 30170 | Lair:1   | Reached skill level 5 in Shields
 30855 | Lair:2   | Noticed Gastronok
 30876 | Lair:2   | Killed Gastronok
 31099 | Lair:2   | Noticed Urug
 31104 | Lair:2   | Killed Urug
 31318 | Lair:1   | Slain by a spiny frog

Vault maps used:
D:1:      lightli_arrival_maybe_door_vault, minmay_pentomino_s2
D:2:      minmay_skewed_foursquare
D:3:      minivault_23
D:4:      tso_metal_star, enter_ossuary_2, kennysheep_boxes, uniq_grinder
D:5:      gammafunk_ghost_hive, serial_shops, shop, nicolae_shop_stone, shop,
          nicolae_shop_trees, first_ration
D:6:      nemelex_xobeh_ov_fountains_minmay, temple_pool_b, serial_shops, shop,
          uniq_crazy_yiuf_cottage
D:7:      nrook_loot_triangle
D:8:      lemuel_crystal_altar, kiku_gazebo_garden_becter, hangedman_ranch,
          uniq_erica, uniq_pikel, uniq_prince_ribbit1
D:11:     minmay_slanted_spiral_squares, minmay_lair_entry_grove,
          ebering_ghost_xom, portal_ice_cave_entry_ice_beasts,
          minmay_parallelograms, nicolae_island_escapes
D:12:     serial_shops, nicolae_shop_stone, uniq_azrael
Temple:   nicolae_temple_no_exploring_needed
Lair:1:   serial_bayou_pond_d
Lair:2:   serial_bayou_shore_b, grunt_megastairs_4, uniq_urug, uniq_gastronok
Ossuary:  ossuary_minmay_tomb_2a
IceCv:    ice_cave_small_giant

Skill      XL: |  1  2  3  4  5  6  7  8  9 10 11 12 |
---------------+-------------------------------------+-----
Stealth        | 6 7 8 9 12 | 12.0
Fighting       | 2 3 4 6 8 |  8.0
Throwing       | 2 |  2.0
Dodging        | 2 3 4 5 6 8 9 10 | 10.1
Short Blades   | 3 4 5 7 8 10 | 10.0
Shields        | 2 3 4 5 |  5.8
Invocations    | 2 4 5 7 8 |  8.5
Hexes          | 3 5 8 |  8.3
Armour         | 2 4 |  4.3
Spellcasting   | 1 2 |  2.0

Action                   |  1- 3 |  4- 6 |  7- 9 | 10-12 || total
-------------------------+-------+-------+-------+-------++-------
Melee: Dagger            |   134 |   289 |   570 |  1216 ||  2209
       Bite              |     4 |    18 |    76 |   127 ||   225
 Fire: Hunting sling     |       |       |    16 |     9 ||    25
       Blowgun           |       |       |    30 |     4 ||    34
 Cast: Confuse           |       |       |       |   101 ||   101
Invok: Stomp             |       |       |     1 |     6 ||     7
 Abil: End Transformatio |       |     1 |     7 |    15 ||    23
       Bat Form          |       |     1 |     7 |    15 ||    23
Evoke: Wand              |       |       |       |    42 ||    42
  Use: Potion            |       |    21 |    11 |    29 ||    61
       Scroll            |       |     1 |    12 |    11 ||    24
 Stab: Sleeping          |    15 |    20 |    35 |    20 ||    90
       Distracted        |       |     1 |       |     2 ||     3
       Paralysed         |       |       |     4 |    31 ||    35
       Confused          |       |       |       |    44 ||    44
Armor: Robe              |    27 |       |       |   124 ||   151
       Ring mail         |     7 |    61 |    80 |    47 ||   195
       Leather armour    |     7 |       |       |       ||     7
       Skin              |       |    89 |       |       ||    89
       Chain mail        |       |       |    18 |       ||    18
Dodge: Dodged            |    71 |   140 |   161 |   602 ||   974
Block: Shield            |       |       |    58 |       ||    58
       Buckler           |       |       |    31 |   194 ||   225

Table legend:
 A = Non-vault XP
 B = Vault XP
 C = Vault XP percentage of total XP
 D = Non-vault monster count
 E = Vault monster count
 F = Vault count percentage of total count
                 A         B        C        D         E       F
            +---------+---------+-------+---------+---------+-------
      Total |   20319 |   14895 |  42.3 |     295 |      73 |  19.8
            +---------+---------+-------+---------+---------+-------
        D:1 |      28 |       2 |   6.7 |      13 |       2 |  13.3
        D:2 |      74 |      10 |  11.9 |      31 |       4 |  11.4
        D:3 |     172 |       0 |   0.0 |      34 |       0 |   0.0
        D:4 |     284 |     262 |  48.0 |      18 |       1 |   5.3
        D:5 |     500 |       0 |   0.0 |      11 |       0 |   0.0
        D:6 |     239 |       0 |   0.0 |      14 |       0 |   0.0
        D:7 |     429 |       0 |   0.0 |      21 |       0 |   0.0
        D:8 |     881 |    4003 |  82.0 |      22 |      10 |  31.2
        D:9 |    4196 |       0 |   0.0 |      38 |       0 |   0.0
       D:10 |    1543 |     137 |   8.2 |      23 |       1 |   4.2
       D:11 |    2864 |    4407 |  60.6 |      21 |      27 |  56.2
       D:12 |    5523 |    2326 |  29.6 |      32 |       7 |  17.9
     Lair:1 |    1381 |       0 |   0.0 |       9 |       0 |   0.0
     Lair:2 |    2205 |    3029 |  57.9 |       8 |       3 |  27.3
    Ossuary |       0 |     261 | 100.0 |       0 |      15 | 100.0
      IceCv |       0 |     458 | 100.0 |       0 |       3 | 100.0
            +---------+---------+-------+---------+---------+-------
